Map: 데이터-C

Players

DRG

  • Race: Zerg Zerg
  • Spawn Location: 3:00

Maru - Winner!

  • Race: Terran Terran
  • Spawn Location: 9:00

Event: DreamHack SC2 Masters 2022 Atlanta (Offline)

VOD

Have the link to the VOD?

Description

Time

  • Played on: Nov. 19, 2022, 1:10 p.m.
  • Length: 7:50

All games in this series

Show
View Real Time Build Order
Export as new Build Order

DRG Zerg 

Build Orders: Hatch First 

Get SALT Encoding   

  12  0:00  Drone  
  13  0:11  Overlord  
  13  0:17  Drone  
  14  0:30  Drone x2  
  16  0:48  Hatchery  
  15  0:50  Drone  
  15  0:54  Drone  
  17  0:57  Drone  
  18  1:08  Extractor  
  17  1:13  Spawning Pool  
  17  1:16  Drone  
  17  1:19  Drone  
  18  1:27  Drone  
  19  1:38  Drone  
  20  1:49  Drone  
  21  1:59  Queen  
  21  2:00  Queen  
  25  2:04  Zergling x4  
  27  2:11  Overlord  
  27  2:12  Drone  
  28  2:21  Hatchery  
  27  2:24  Drone  
  28  2:30  Drone  
  28  2:35  Drone  
  28  2:36  Queen  
  30  2:43  Metabolic Boost  
  32  2:47  Overlord  
  32  2:50  Drone  
  33  2:52  Drone  
  33  2:55  Drone  
  33  2:57  Drone  
  36  3:03  Overlord  
  36  3:07  Drone  
  36  3:08  Drone  
  36  3:10  Drone  
  36  3:11  Drone  
  40  3:17  Queen  
  40  3:19  Drone  
  43  3:21  Drone  
  43  3:26  Queen  
  46  3:28  Drone  
  46  3:31  Drone  
  48  3:35  Queen  
  50  3:42  Drone  
  50  3:44  Drone, Overlord  
  50  3:46  Drone x2  
  54  3:48  Drone x2  
  54  3:50  Drone  
  54  3:52  Drone  
  58  3:59  Overlord  
  58  4:02  Queen  
  58  4:03  Overlord  
  58  4:07  Drone x2  
  58  4:09  Drone x2  
  64  4:11  Drone  
  65  4:17  Overlord  
  65  4:20  Queen  
  65  4:21  Drone x2  
  69  4:24  Overlord  
  69  4:26  Drone x3  
  69  4:30  Drone x2  
  73  4:32  Overlord  
  73  4:36  Zergling x8  
  77  4:40  Drone  
  77  4:41  Queen  
  77  4:44  Lair  
  80  4:47  Baneling Nest  
  80  4:49  Extractor x2  
  80  4:50  Drone x2  
  80  4:52  Drone x2  
  81  4:55  Drone  
  81  4:56  Drone x2  
  81  4:57  Drone  
  85  5:01  Overlord  
  85  5:02  Drone  
  86  5:09  Overlord  
  86  5:10  Drone  
  86  5:12  Drone  
  86  5:14  Spore Crawler  
  87  5:15  Spore Crawler  
  87  5:17  Spore Crawler, Hatchery  
  84  5:26  Zergling x12  
  88  5:36  Drone x5  
  88  5:37  Drone  
  88  5:39  Drone  
  95  5:43  Evolution Chamber x2  
  95  5:45  Centrifugal Hooks  
  95  5:47  Drone x2  
  95  5:51  Drone x2  
  95  5:52  Zergling x2  
  95  5:54  Extractor x2  
  96  6:01  Zergling x6  
  96  6:02  Evolution Chamber  
  96  6:04  Zergling x4  
  100  6:05  Evolution Chamber  
  99  6:11  Zergling x4  
  99  6:16  Zergling x8  
  105  6:22  Queen x2  
  109  6:28  Spire  
  109  6:32  Zergling x12  
  104  6:38  Drone  
  104  6:39  Drone x2  
  98  6:42  Drone  
  98  6:43  Drone  
  95  6:48  Extractor  
  95  6:50  Drone  
  95  6:53  Baneling  
  95  6:54  Baneling x8  
  94  6:57  Drone  
  92  7:06  Drone x2  
  85  7:22  Drone x2  
  75  7:26  Drone  
  75  7:29  Spore Crawler, Drone x5  
  78  7:30  Spore Crawler  
  78  7:31  Zergling x2  
Show
View Real Time Build Order
Export as new Build Order

Maru Terran - Winner!

Build Orders: Reaper Expand 

Get SALT Encoding   

  12  0:00  SCV  
  13  0:12  SCV  
  14  0:17  Supply Depot  
  14  0:24  SCV  
  15  0:38  SCV  
  15  0:40  Barracks  
  16  0:43  Refinery  
  16  0:50  SCV  
  17  1:02  SCV  
  18  1:15  SCV  
  19  1:27  Reaper, Orbital Command  
  20  1:39  Command Center  
  20  1:48  Supply Depot  
  20  1:52  SCV  
  21  1:59  Marine  
  22  2:04  SCV  
  22  2:06  Factory  
  23  2:13  Refinery  
  23  2:16  SCV  
  23  2:19  Barracks Reactor  
  24  2:28  SCV  
  25  2:40  SCV  
  26  2:50  Orbital Command  
  26  2:53  SCV  
  26  2:54  Refinery, Starport  
  27  2:59  Hellion x2  
  27  3:05  SCV  
  32  3:16  Supply Depot, SCV  
  32  3:17  SCV  
  34  3:21  Marine  
  35  3:28  SCV  
  35  3:29  SCV  
  35  3:30  Viking  
  39  3:35  Starport  
  39  3:42  Hellion, SCV  
  39  3:43  SCV  
  43  3:49  Fusion Core  
  43  3:51  Hellion  
  43  3:54  SCV  
  47  3:55  SCV  
  47  3:59  Supply Depot  
  47  4:02  Starport Tech Lab  
  47  4:05  Liberator  
  47  4:07  SCV  
  51  4:10  SCV  
  52  4:19  SCV, Starport Tech Lab  
  52  4:22  Supply Depot, SCV  
  54  4:24  Refinery  
  54  4:28  Supply Depot  
  54  4:31  SCV  
  59  4:40  Battlecruiser  
  59  4:42  SCV  
  59  4:44  SCV  
  63  4:50  Hellion x2  
  63  4:51  Starport Tech Lab  
  67  4:57  SCV x2  
  67  4:58  Supply Depot  
  69  5:09  SCV x2  
  69  5:12  Supply Depot  
  71  5:15  Battlecruiser  
  78  5:21  Supply Depot, SCV  
  78  5:25  Hellion  
  78  5:28  SCV  
  81  5:32  Weapon Refit  
  81  5:34  SCV  
  82  5:37  Hellion  
  82  5:40  SCV  
  85  5:46  Hellion  
  87  5:54  Battlecruiser  
  93  5:57  SCV  
  93  6:03  Supply Depot  
  94  6:05  Command Center  
  94  6:22  Battlecruiser  
  100  6:28  Hellion x2  
  104  6:34  SCV  
  104  6:37  SCV  
  91  6:46  SCV  
  92  6:49  Hellion  
  92  6:50  Hellion  
  92  6:52  SCV  
  93  6:54  Factory  
  93  6:55  Factory  
  93  6:58  SCV  
  94  7:04  SCV  
  94  7:08  Armory  
  95  7:09  Armory  
  95  7:11  Hellion x2  
  97  7:16  SCV  
  97  7:21  SCV  
  88  7:28  SCV  
  80  7:33  SCV  
  84  7:41  Factory Tech Lab  
Tags
 
Add a new tag
Caveats
  • Supply blocks, unpowered buildings, or Contaminate may cause inaccurate times.
  • Supply counts are checked every 10 seconds.